 Dungeon Crawl Stone Soup version 0.31-a0-175-g9f7f995f2b (webtiles) character file.

Game seed: 2868597858398213641

620 qw the Chopper (level 7, -1/43 HPs)
             Began as a Gargoyle Fighter on June 17, 2023.
             Slain by a gnoll bouda
             ... wielding a +0 club
              (7 damage)
             ... on level 4 of the Dungeon.
             The game lasted 00:01:33 (2387 turns).

qw the Chopper (Gargoyle Fighter)                   Turns: 2387, Time: 00:01:33

Health: -1/43      AC: 16    Str: 21    XL:     7   Next: 46%
Magic:  7/7        EV:  5    Int:  9    God:
Gold:   113        SH:  4    Dex:  9    Spells: 6/6 levels left

rFire   . . .        Y - +0 war axe
rCold   . . .        c - +0 buckler
rNeg    + . .        h - +0 plate armour
rPois   inf          (no helmet)
rElec   +            (no cloak)
rCorr   .            (no gloves)
SInv    .            (no boots)
Will    .....        (no amulet) Stlth
                     (no ring)
HPRegen 0.27/turn    (no ring)
MPRegen 0.10/turn

%: no passive effects
@: no status effects
A: sickness immunity, AC +4, negative energy resistance 1, electricity
resistance, torment resistance 1, petrification resistance
a: no special abilities


You were on level 4 of the Dungeon.
You visited 1 branch of the dungeon, and saw 4 of its levels.

You collected 143 gold pieces.
You spent 30 gold pieces at shops.


Innate Abilities, Weirdness & Mutations

You are immune to sickness and miasma.
Your stone body is resilient. (AC +4)
You are immune to poison.
You resist negative energy. (rN+)
You are resistant to electric shocks. (rElec)
You are resistant to unholy torment.
You are immune to petrification.


   Skills:
 + Level 4.3 Fighting
 - Level 7.0 Axes
 - Level 3.2 Armour
 - Level 3.2 Shields


You had 6 spell levels left.
You didn't know any spells.
Your spell library was empty.

Inventory:

Hand Weapons
 f - a +0 flail
 Y - a +0 war axe (weapon)
Armour
 c - a +0 buckler (worn)
 h - a +0 plate armour (worn)
 i - a +0 helmet
Scrolls
 a - a scroll of identify
 k - a scroll of amnesia {unknown}
Potions
 b - a potion of attraction {unknown}
 d - 2 potions of might
 e - a potion of haste {unknown}
 g - a potion of lignification {unknown}
 j - a potion of cancellation {unknown}

Dungeon Overview and Level Annotations

Branches:
Dungeon (4/15)
 Temple: D:4-7

Altars:
Qazlal
Sif Muna
Zin

Shops:
D:1 (   D:2 *   D:4 *


Message History

Your Axes skill increases to level 7!
You hit the gnoll bouda.
The gnoll bouda is lightly wounded.
A giant cockroach comes into view.
The gnoll bouda barely misses you.
The gnoll bouda hits you with a +0 club.
The giant cockroach moves out of view.
You closely miss the gnoll bouda.
The gnoll bouda is lightly wounded.
The gnoll bouda hits you but does no damage.
You hit the gnoll bouda.
The gnoll bouda is moderately wounded.
Your attacks no longer feel as feeble.
The gnoll bouda hits you but does no damage.
You hit the gnoll bouda but do no damage.
The gnoll bouda is moderately wounded.
The gnoll bouda hits you but does no damage.
You barely miss the gnoll bouda.
The gnoll bouda is moderately wounded.
An endoplasm comes into view.
The gnoll bouda hits you with a +0 club.
You closely miss the gnoll bouda.
The gnoll bouda is moderately wounded.
The endoplasm quivers.
The gnoll bouda hits you with a +0 club!
A kobold comes into view. It is wielding a +0 club.
The gnoll bouda hits you with a +0 club.
You hit the gnoll bouda.
The gnoll bouda is moderately wounded.
The gnoll bouda hits you with a +0 club.
You closely miss the gnoll bouda.
The gnoll bouda is moderately wounded.
The gnoll bouda hits you with a +0 club!
You hit the gnoll bouda but do no damage.
The gnoll bouda is moderately wounded.
The gnoll bouda hits you but does no damage.
You closely miss the gnoll bouda.
The gnoll bouda is moderately wounded.
The gnoll bouda hits you with a +0 club!
You die...

.....#.# #.#
..#..#.# #.#
.#
..#..#.###.#
.#
>..........#
.#
.....#.....###
.#
###..........#
.#
########.#.#
.#
#.#.####.###
#.#....@...#
#.######g#.#
... S# #.. BK
... ... ....
#... ##.. ..#


You could see a gnoll bouda, a giant cockroach, a ball python and a kobold.

Vanquished Creatures
  A steam dragon (D:4)
  A black bear (D:4)
  A phantom (D:4)
  A scorpion (D:4)
  3 hounds
  Robin (D:4)
  9 adders
  A worm (D:2)
  2 dart slugs
  An orc (D:4)
  6 endoplasms
  3 giant cockroaches
  4 hobgoblins
  6 jackals
  4 kobolds
  2 quokkas (D:1)
  8 ball pythons
  6 bats
  4 frilled lizards
  16 goblins
  2 rats (D:1)
82 creatures vanquished.

Notes
Turn   | Place    | Note
-------+----------+-------------------------------------------
     0 | D:1      | qw the Gargoyle Fighter began the quest for the Orb.
     0 | D:1      | Reached XP level 1. HP: 14/14 MP: 1/1
     0 | D:1      | 0 ||| qw: Version: 0.3-a-2-g5ab2908
     0 | D:1      | 0 ||| qw: Game counter: 316
     0 | D:1      | 0 ||| qw: Always use a shield: true
     0 | D:1      | 0 ||| qw: God list: Okawaru
     0 | D:1      | 0 ||| qw: Allow faded altars: false
     0 | D:1      | 0 ||| qw: Do Orc after D:15 true
     0 | D:1      | 0 ||| qw: Do second Lair branch before Depths: true
     0 | D:1      | 0 ||| qw: Lair rune preference: random
     0 | D:1      | 0 ||| qw: Plans: Normal, Zot:1-4, Slime:5, God:TSO, Crypt,
                  | Tomb, Abyss, Pan, Hells, Win
     0 | D:1      | 0 ||| PLANNING D:1-11
    80 | D:1      | Reached skill level 2 in Axes
   130 | D:1      | Reached XP level 2. HP: 19/19 MP: 2/2
   230 | D:1      | Reached skill level 3 in Axes
   351 | D:1      | Reached XP level 3. HP: 23/23 MP: 3/3
   514 | D:1      | Found Giuganuk's Weapon Shoppe.
   525 | D:1      | 525 ||| BUYING +0 mace (30 gold).
   525 | D:1      | Bought a +0 mace for 30 gold pieces
   525 | D:1      | 525 ||| SHOPLISTING +1 flail of holy wrath (133 gold, have
                  | 18).
   525 | D:1      | 525 ||| DROPPING +0 club.
   603 | D:1      | 603 ||| UPGRADING to +0 plate armour.
   613 | D:1      | 613 ||| DROPPING +0 scale mail.
   614 | D:1      | 614 ||| READING scroll labelled YTHIAC AXOHY.
   636 | D:2      | Found Ewy Dada's General Store.
   662 | D:2      | 662 ||| SHOPLISTING +8 chain mail of ponderousness (301
                  | gold, have 18).
   662 | D:2      | 662 ||| SHOPLISTING 3 scrolls of identify (84 gold, have
                  | 18).
   662 | D:2      | 662 ||| SHOPLISTING potion of heal wounds (70 gold, have
                  | 18).
   775 | D:2      | 775 ||| Stepping ~*~*~tactically~*~*~ (stealth).
   782 | D:2      | Reached XP level 4. HP: 25/28 MP: 4/4
   811 | D:2      | Reached skill level 4 in Axes
   856 | D:2      | 856 ||| Stepping ~*~*~tactically~*~*~ (stealth).
   906 | D:2      | 906 ||| Stepping ~*~*~tactically~*~*~ (stealth).
   907 | D:2      | 907 ||| Stepping ~*~*~tactically~*~*~ (stealth).
  1106 | D:2      | 1106 ||| READING scroll labelled MOFISU ICANLA.
  1107 | D:2      | 1107 ||| READING scroll labelled HOSTAKO URCHIMEAPP.
  1108 | D:2      | 1108 ||| READING scroll labelled OTIGONL WASMIBB.
  1233 | D:3      | Found a faded altar of an unknown god.
  1332 | D:3      | Reached XP level 5. HP: 32/32 MP: 5/5
  1361 | D:3      | 1361 ||| Stepping ~*~*~tactically~*~*~ (hiding).
  1558 | D:3      | Found a glowing silver altar of Zin.
  1559 | D:3      | 1559 ||| DROPPING +0 mace.
  1692 | D:3      | Reached skill level 5 in Axes
  1853 | D:3      | Found a shimmering blue altar of Sif Muna.
  1853 | D:3      | Found a stormy altar of Qazlal.
  1858 | D:3      | 1858 ||| DRINKING 2 grey potions.
  1859 | D:3      | 1859 ||| DROPPING potion of invisibility.
  1883 | D:4      | 1883 ||| Stepping ~*~*~tactically~*~*~ (stealth).
  1892 | D:4      | Reached XP level 6. HP: 34/38 MP: 6/6
  1946 | D:4      | Noticed a steam dragon
  1949 | D:4      | 1949 ||| Stepping ~*~*~tactically~*~*~ (cloud).
  1959 | D:4      | HP: 6/38 [steam dragon (6)]
  1961 | D:4      | Killed a steam dragon
  1962 | D:4      | Reached skill level 6 in Axes
  1964 | D:4      | 1964 ||| FLEEEEING.
  2024 | D:4      | 2024 ||| FLEEEEING.
  2025 | D:4      | 2025 ||| FLEEEEING.
  2026 | D:4      | 2026 ||| FLEEEEING.
  2027 | D:4      | 2027 ||| FLEEEEING.
  2028 | D:4      | 2028 ||| STAIRDANCE
  2091 | D:3      | 2091 ||| READING scroll labelled BOCUOR DOAWEO.
  2200 | D:4      | Reached XP level 7. HP: 43/43 MP: 7/7
  2220 | D:4      | Found Jaosyoxu's General Store.
  2223 | D:4      | 2223 ||| Stepping ~*~*~tactically~*~*~ (stealth).
  2224 | D:4      | 2224 ||| Stepping ~*~*~tactically~*~*~ (stealth).
  2245 | D:4      | Noticed Robin
  2257 | D:4      | Killed Robin
  2269 | D:4      | 2269 ||| Stepping ~*~*~tactically~*~*~ (stealth).
  2283 | D:4      | 2283 ||| Stepping ~*~*~tactically~*~*~ (stealth).
  2290 | D:4      | 2290 ||| Stepping ~*~*~tactically~*~*~ (stealth).
  2291 | D:4      | 2291 ||| Stepping ~*~*~tactically~*~*~ (stealth).
  2292 | D:4      | 2292 ||| Stepping ~*~*~tactically~*~*~ (stealth).
  2378 | D:4      | Reached skill level 7 in Axes
  2385 | D:4      | HP: 5/43 [gnoll bouda/+0 club (8)]
  2387 | D:4      | Slain by a gnoll bouda

Levels and vault maps discovered:
D:1:      spicycebolla_arrival_xxxplode, layout_basic, serial_shops,
          nicolae_shop_tiny_waterfront
D:2:      layout_rooms, serial_shops, shop, minmay_cut_off
D:3:      layout_loops_ring, nicolae_overflow_hidden_temple,
          gammafunk_temple_overflow_statue, basic_ecumenical_altar
D:4:      layout_loops_ring, serial_shops, shop, minmay_ruptured, uniq_edmund,
          uniq_robin

Skill      XL: |  1  2  3  4  5  6  7 |
---------------+----------------------+-----
Axes           | 2 3 4 5 6 7 |  7.0
Fighting       | 4 |  4.3
Armour         | |  3.2
Shields        | |  3.2

Action                     |  1- 3 |  4- 6 |  7- 9 || total
---------------------------+-------+-------+-------++-------
  Melee: War axe           |    91 |   137 |    42 ||   270
    Use: Scroll            |     1 |     4 |       ||     5
         Potion            |       |     1 |       ||     1
   Stab: Invisible         |       |     2 |       ||     2
 Armour: Scale mail        |    27 |       |       ||    27
         Plate armour      |    26 |   116 |    41 ||   183
  Dodge: Dodged            |    48 |    46 |     5 ||    99
  Block: Buckler           |    24 |    24 |     9 ||    57

Table legend:
 A = Non-vault XP
 B = Vault XP
 C = Vault XP percentage of total XP
 D = Non-vault monster count
 E = Vault monster count
 F = Vault count percentage of total count
                 A         B        C        D         E       F
            +---------+---------+-------+---------+---------+-------
      Total |     712 |     175 |  19.7 |      67 |      15 |  18.3
            +---------+---------+-------+---------+---------+-------
        D:1 |      35 |       0 |   0.0 |      21 |       0 |   0.0
        D:2 |     107 |      17 |  13.7 |      21 |       3 |  12.5
        D:3 |      76 |       0 |   0.0 |      12 |       0 |   0.0
        D:4 |     494 |     158 |  24.2 |      13 |      12 |  48.0
            +---------+---------+-------+---------+---------+-------
